Canadiens vs Hurricanes

Created - November 14, 2016 at 17:18

Goals
1 2 3 T
Canadiens 2 2 0 4
Hurricanes 0 2 1 3
Shots
1 2 3 T
Canadiens 13 9 5 27
Hurricanes 13 11 11 35

1st period

1. Canadiens , Jordan Eberle 4 (Alexander Steen, Josh Bailey) at 6:58
2. Canadiens , Jordan Eberle 5 (Alexander Steen, Josh Bailey) at 9:06

Penalties :
Adam Larsson (MTL) for Boarding (Minor) at 13:57, Brayden McNabb (MTL) for High sticking (Minor) at 14:44, Jamie McGinn (CAR) for Hooking (Minor) at 18:20

2nd period

3. Hurricanes , Michael Frolik 7 (Zach Parise, Bryan Little) at 8:57
4. Canadiens , Alexander Steen 6 (Dan Girardi, Jordan Eberle) at 13:12
5. Canadiens , Alexander Steen 7 (Jordan Eberle, Adam Larsson) at 14:54
6. Hurricanes , Carl Hagelin 4 (Brad Richardson) at 17:12

Penalties :
Justin Abdelkader (MTL) for Roughing (Minor) at 1:15, Michael Frolik (CAR) for Interference (Minor) at 18:08

3rd period

7. Hurricanes , Carl Hagelin 5 (Brad Richardson, Alex Chiasson) at 7:21

Penalties :
Alexander Steen (MTL) for Roughing (Minor) at 1:26, Dale Weise (MTL) for Elbowing (Minor) at 4:52

Goalie Stats

Cam Talbot (MTL), 32 saves from 35 shots - (0.914), W, 9-5-0, 60:00 minutes
Eddie Lack (CAR), 23 saves from 27 shots - (0.852), L, 6-4-1, 59:05 minutes

Players Stats for Canadiens

Player Name              G  A  P  +/- PIM S  H  SB GA TA FO     MP     PP MP  PK MP  
------------------------------------------------------------------------------------
Adam Larsson             0  1  1   0  2   1  4  0  0  0  0/0    22:56   1:51   3:35 
Alexander Steen          2  2  4   3  2   7  1  0  0  0  18/29  21:10   2:38   2:36 
Brayden McNabb           0  0  0   0  2   0  4  0  0  0  0/0    13:35   0:00   1:01 
Cam Fowler               0  0  0   0  0   0  0  5  0  0  0/0    23:24   1:51   4:38 
Dale Weise               0  0  0   0  2   0  1  0  0  0  0/0    10:19   0:00   0:00 
Dan Girardi              0  1  1   1  0   0  1  1  0  0  0/0    23:53   2:07   3:51 
Jakob Silfverberg        0  0  0  -1  0   2  0  0  0  0  2/3    22:44   1:20   4:40 
Jordan Eberle            2  2  4   3  0   9  0  0  0  0  0/1    17:54   2:38   0:00 
Josh Bailey              0  2  2   3  0   1  2  0  0  0  0/0    17:49   2:38   0:00 
Justin Abdelkader        0  0  0  -1  2   1  3  0  0  0  0/0    19:30   1:20   2:08 
Kyle Quincey             0  0  0   0  0   0  0  3  0  0  0/0    12:37   0:00   0:08 
Martin Hanzal            0  0  0  -1  0   4  0  0  0  0  19/32  22:04   1:20   4:00 
Matt Moulson             0  0  0  -1  0   0  0  0  0  0  0/0     5:04   0:00   0:00 
Nail Yakupov             0  0  0   0  0   1  0  0  0  0  0/0    12:02   0:00   1:47 
Nick Holden              0  0  0   1  0   0  3  1  0  0  0/0    23:33   2:07   4:12 
Nick Shore               0  0  0  -1  0   0  1  0  0  0  4/7     6:07   0:00   1:03 
Teuvo Teravainen         0  0  0   0  0   1  0  0  0  0  5/13   10:15   0:00   0:00 
Valeri Nichushkin        0  0  0  -1  0   0  0  0  0  0  0/0     5:04   0:00   0:00 

Players Stats for Hurricanes

Player Name              G  A  P  +/- PIM S  H  SB GA TA FO     MP     PP MP  PK MP  
------------------------------------------------------------------------------------
Alex Chiasson            0  1  1   0  0   2  5  0  0  0  1/1    14:28   0:17   0:00 
Brad Richardson          0  2  2   1  0   0  0  0  0  0  8/19   10:43   0:00   2:48 
Brett Pesce              0  0  0   0  0   0  1  1  0  0  0/0    23:26   3:20   1:36 
Brian Boyle              0  0  0  -1  0   1  1  0  0  0  1/8     7:56   0:00   1:10 
Brian Dumoulin           0  0  0  -1  0   0  0  0  0  0  0/0    19:54   0:17   2:22 
Brian Strait             0  0  0   0  0   1  0  2  0  0  0/0    12:48   0:00   0:00 
Bryan Little             0  1  1   0  0   4  1  0  0  0  15/26  21:51   3:47   0:00 
Carl Hagelin             2  0  2   1  0   3  0  0  0  0  0/0     8:18   0:17   0:06 
Jamie McGinn             0  0  0  -1  2   1  3  0  0  0  1/2    18:20   3:47   0:00 
Jordan Oesterle          0  0  0   0  0   1  1  2  0  0  0/0    22:49   3:20   1:36 
Keith Yandle             0  0  0  -1  0   1  2  0  0  0  0/0    21:07   5:06   0:00 
Lee Stempniak            0  0  0  -1  0   3  0  0  0  0  0/2    22:01   4:39   2:48 
Leo Komarov              0  0  0  -1  0   6  1  0  0  0  10/23  19:56   4:39   0:43 
Michael Frolik           1  0  1   0  2   4  2  0  0  0  1/1    18:13   0:00   0:21 
Mike Ribeiro             0  0  0   0  0   0  0  0  0  0  0/0     0:00   0:00   0:00 
Nick Foligno             0  0  0  -1  0   5  1  0  0  0  0/1    12:23   4:56   0:00 
Ron Hainsey              0  0  0   0  0   0  0  2  0  0  0/0    19:56   5:23   2:22 
Zach Parise              0  1  1   0  0   3  4  0  0  0  0/2    21:51   3:47   0:00 

3 Stars

1 - Jordan Eberle (MTL)
2 - Alexander Steen (MTL)
3 - Carl Hagelin (CAR)

Power Play

Canadiens - 0 on 2 Attempt(s) - 0.00%
Hurricanes - 0 on 5 Attempt(s) - 0.00%

Penalty Kill

Canadiens - 5 on 5 Attempt(s) - 100.00% - Score 0 goal in Penalty Kill
Hurricanes - 2 on 2 Attempt(s) - 100.00% - Score 0 goal in Penalty Kill

Team Stat

Canadiens - Hits : 20 - Faceoff Wins : 48 - Blocked Shots : 10 - Penalty Minutes : 10
Hurricanes - Hits : 22 - Faceoff Wins : 37 - Blocked Shots : 7 - Penalty Minutes : 4

Official

Referees : Graham Skiliter and Ghislain Hebert
Linesman : Trent Knorr and Andy McElman

Game Notes

No Game Note

Finance

Level 1 -- Attendance: 4621 (77.02%) -- Ticket Income $536,036
Level 2 -- Attendance: 4728 (94.56%) -- Ticket Income $335,688
Level 3 -- Attendance: 3133 (89.51%) -- Ticket Income $137,852
Level 4 -- Attendance: 2873 (90.35%) -- Ticket Income $71,825
Luxury Box -- Attendance: 936 (93.60%) -- Ticket Income $192,816
Game was played at the PNC Arena.
Total Attendance: 16291 (87.21%)
Total Ticket Income: $1,274,217
Other Income: $191,133
Total Income: $1,465,350

% Time on Ice - Canadiens

Lines # - Real PCT - Wanted PCT - Time Play
Normal Forward
1 - 33% - 35% - 15:11
2 - 34% - 35% - 16:03
3 - 22% - 20% - 10:15
4 - 11% - 10% - 5:04
Normal Defense
1 - 36% - 40% - 16:50
2 - 37% - 35% - 17:14
3 - 13% - 13% - 6:15
4 - 13% - 12% - 6:14
PP Forward
1 - 66% - 60% - 2:38
2 - 34% - 40% - 1:20
PP Defense
1 - 47% - 50% - 1:51
2 - 53% - 50% - 2:07
PK Forward
1 - 69% - 60% - 5:10
2 - 31% - 40% - 2:21
PK Defense
1 - 53% - 50% - 3:57
2 - 47% - 50% - 3:34
PK3 Forward
1 - 89% - 60% - 1:04
2 - 11% - 40% - 0:08
PK3 Defense
1 - 11% - 50% - 0:08
2 - 89% - 50% - 1:04
44 Forward
1 - 0% - 50%
2 - 0% - 50%
44 Defense
1 - 0% - 50%
2 - 0% - 50%
Last Minute Offensive  - 0:00
Last Minute Defensive  - 0:46
Total
Forward - 60:00
Defense - 60:00

% Time on Ice - Hurricanes

Lines # - Real PCT - Wanted PCT - Time Play
Normal Forward
1 - 37% - 37% - 17:18
2 - 31% - 31% - 14:34
3 - 17% - 17% - 7:55
4 - 15% - 15% - 6:46
Normal Defense
1 - 37% - 38% - 17:12
2 - 34% - 31% - 16:01
3 - 26% - 20% - 12:07
4 - 3% - 11% - 1:13
PP Forward
1 - 43% - 55% - 3:47
2 - 57% - 45% - 4:56
PP Defense
1 - 62% - 58% - 5:23
2 - 38% - 42% - 3:20
PK Forward
1 - 71% - 56% - 2:48
2 - 29% - 44% - 1:10
PK Defense
1 - 60% - 57% - 2:22
2 - 40% - 43% - 1:36
PK3 Forward
1 - 0% - 53%
2 - 0% - 47%
PK3 Defense
1 - 0% - 55%
2 - 0% - 45%
44 Forward
1 - 0% - 53%
2 - 0% - 47%
44 Defense
1 - 0% - 55%
2 - 0% - 45%
Last Minute Offensive  - 0:46
Last Minute Defensive  - 0:00
Total
Forward - 60:00
Defense - 60:00

Play by Play

1st period


0:01 of 1st period - Bryan Little wins face-off versus Alexander Steen in neutral zone.
0:13 of 1st period - Shot by Jordan Eberle.
0:13 of 1st period - Stopped by Eddie Lack with a rebound.
0:23 of 1st period - Shot by Alexander Steen.
0:23 of 1st period - Stopped by Eddie Lack without a rebound.
0:24 of 1st period - Leo Komarov wins face-off versus Martin Hanzal in Hurricanes zone.
0:24 of 1st period - Leo Komarov is hit by Justin Abdelkader.
0:29 of 1st period - Off-side.
0:30 of 1st period - Teuvo Teravainen wins face-off versus Brad Richardson in neutral zone.
0:55 of 1st period - Shot by Dale Weise.
0:55 of 1st period - Shot Misses the Net.
2:03 of 1st period - Lee Stempniak is hit by Adam Larsson and loses puck.
2:19 of 1st period - Icing by Justin Abdelkader.
2:20 of 1st period - Bryan Little wins face-off versus Martin Hanzal in Canadiens zone.
2:20 of 1st period - Jordan Oesterle is hit by Adam Larsson and loses puck.
2:57 of 1st period - Shot by Bryan Little.
2:57 of 1st period - Stopped by Cam Talbot without a rebound.
2:58 of 1st period - Nick Shore wins face-off versus Brian Boyle in Canadiens zone.
3:09 of 1st period - Dan Girardi is hit by Alex Chiasson and loses puck.
3:16 of 1st period - Shot by Brian Boyle.
3:16 of 1st period - Shot Misses the Net.
3:37 of 1st period - Icing by Nick Holden.
3:38 of 1st period - Nick Shore wins face-off versus Leo Komarov in Canadiens zone.
3:47 of 1st period - Leo Komarov is hit by Nick Shore and loses puck.
4:26 of 1st period - Josh Bailey is hit by Jamie McGinn.
4:44 of 1st period - Shot by Josh Bailey.
4:44 of 1st period - Shot Misses the Net.
4:57 of 1st period - Icing by Leo Komarov.
4:58 of 1st period - Jakob Silfverberg wins face-off versus Leo Komarov in Hurricanes zone.
5:02 of 1st period - Icing by Leo Komarov.
5:03 of 1st period - Leo Komarov wins face-off versus Martin Hanzal in Hurricanes zone.
5:05 of 1st period - Icing by Lee Stempniak.
5:06 of 1st period - Jamie McGinn wins face-off versus Martin Hanzal in Hurricanes zone.
5:20 of 1st period - Icing by Cam Fowler.
5:21 of 1st period - Bryan Little wins face-off versus Martin Hanzal in Canadiens zone.
5:21 of 1st period - Bryan Little is hit by Adam Larsson.
5:30 of 1st period - Jakob Silfverberg is hit by Zach Parise and loses puck.
5:51 of 1st period - Cam Fowler is hit by Zach Parise and loses puck.
6:10 of 1st period - Bryan Little is hit by Brayden McNabb and loses puck.
6:21 of 1st period - Shot by Alexander Steen.
6:21 of 1st period - Stopped by Eddie Lack without a rebound.
6:22 of 1st period - Brian Boyle wins face-off versus Teuvo Teravainen in Hurricanes zone.
6:27 of 1st period - Shot by Alex Chiasson.
6:27 of 1st period - Shot Blocked by Nick Holden.
6:35 of 1st period - Shot by Brian Boyle.
6:35 of 1st period - Stopped by Cam Talbot without a rebound.
6:36 of 1st period - Alexander Steen wins face-off versus Brad Richardson in Canadiens zone.
6:36 of 1st period - Alexander Steen is hit by Alex Chiasson.
6:58 of 1st period - Shot by Jordan Eberle.
6:58 of 1st period - Goal by Jordan Eberle - Canadiens : 1 - Hurricanes : 0.
6:59 of 1st period - Martin Hanzal wins face-off versus Leo Komarov in neutral zone.
7:22 of 1st period - Shot by Justin Abdelkader.
7:22 of 1st period - Stopped by Eddie Lack with a rebound.
7:28 of 1st period - Shot by Martin Hanzal.
7:28 of 1st period - Stopped by Eddie Lack without a rebound.
7:29 of 1st period - Bryan Little wins face-off versus Alexander Steen in Hurricanes zone.
7:52 of 1st period - Shot by Alexander Steen.
7:52 of 1st period - Stopped by Eddie Lack with a rebound.
7:57 of 1st period - Off-side.
7:58 of 1st period - Teuvo Teravainen wins face-off versus Brian Boyle in neutral zone.
8:14 of 1st period - Shot by Alex Chiasson.
8:14 of 1st period - Shot Misses the Net.
8:17 of 1st period - Icing by Teuvo Teravainen.
8:18 of 1st period - Bryan Little wins face-off versus Teuvo Teravainen in Canadiens zone.
9:02 of 1st period - Shot by Josh Bailey.
9:02 of 1st period - Shot Blocked by Brett Pesce.
9:04 of 1st period - Shot by Alexander Steen.
9:04 of 1st period - Shot Misses the Net.
9:06 of 1st period - Shot by Jordan Eberle.
9:06 of 1st period - Goal by Jordan Eberle - Canadiens : 2 - Hurricanes : 0.
9:07 of 1st period - Brad Richardson wins face-off versus Martin Hanzal in neutral zone.
9:16 of 1st period - Shot by Alex Chiasson.
9:16 of 1st period - Shot Misses the Net.
9:41 of 1st period - Shot by Alex Chiasson.
9:41 of 1st period - Stopped by Cam Talbot without a rebound.
9:42 of 1st period - Leo Komarov wins face-off versus Alexander Steen in Canadiens zone.
9:55 of 1st period - Shot by Lee Stempniak.
9:55 of 1st period - Stopped by Cam Talbot without a rebound.
9:56 of 1st period - Bryan Little wins face-off versus Teuvo Teravainen in Canadiens zone.
10:09 of 1st period - Shot by Bryan Little.
10:09 of 1st period - Stopped by Cam Talbot without a rebound.
10:10 of 1st period - Alexander Steen wins face-off versus Brian Boyle in Canadiens zone.
10:10 of 1st period - Alexander Steen is hit by Nick Foligno.
10:51 of 1st period - Cam Fowler is hit by Keith Yandle and loses puck.
11:45 of 1st period - Bryan Little is hit by Brayden McNabb and loses puck.
12:34 of 1st period - Leo Komarov is hit by Nick Holden and loses puck.
12:45 of 1st period - Shot by Leo Komarov.
12:45 of 1st period - Stopped by Cam Talbot without a rebound.
12:46 of 1st period - Alexander Steen wins face-off versus Brad Richardson in Canadiens zone.
12:53 of 1st period - Shot by Alexander Steen.
12:53 of 1st period - Shot Misses the Net.
13:01 of 1st period - Shot by Jordan Eberle.
13:01 of 1st period - Deflect By Josh Bailey.
13:01 of 1st period - Stopped by Eddie Lack without a rebound.
13:02 of 1st period - Teuvo Teravainen wins face-off versus Brian Boyle in Hurricanes zone.
13:57 of 1st period - Minor Penalty to Adam Larsson for Boarding.
13:58 of 1st period - Bryan Little wins face-off versus Martin Hanzal in Canadiens zone.
13:59 of 1st period - Shot by Jamie McGinn.
13:59 of 1st period - Stopped by Cam Talbot without a rebound.
14:00 of 1st period - Martin Hanzal wins face-off versus Bryan Little in Canadiens zone.
14:09 of 1st period - Shot by Zach Parise.
14:09 of 1st period - Shot Misses the Net.
14:16 of 1st period - Icing by Bryan Little.
14:17 of 1st period - Martin Hanzal wins face-off versus Bryan Little in Hurricanes zone.
14:26 of 1st period - Shot by Jakob Silfverberg.
14:26 of 1st period - Stopped by Eddie Lack without a rebound.
14:27 of 1st period - Martin Hanzal wins face-off versus Leo Komarov in Hurricanes zone.
14:28 of 1st period - Shot by Jakob Silfverberg.
14:28 of 1st period - Stopped by Eddie Lack without a rebound.
14:29 of 1st period - Martin Hanzal wins face-off versus Bryan Little in Hurricanes zone.
14:41 of 1st period - Bryan Little is hit by Brayden McNabb and loses puck.
14:44 of 1st period - Shot by Keith Yandle.
14:44 of 1st period - Stopped by Cam Talbot without a rebound.
14:44 of 1st period - Minor Penalty to Brayden McNabb for High sticking.
14:45 of 1st period - Leo Komarov wins face-off versus Jakob Silfverberg in Canadiens zone.
15:08 of 1st period - Shot by Leo Komarov.
15:08 of 1st period - Shot Blocked by Cam Fowler.
15:10 of 1st period - Shot by Nick Foligno.
15:10 of 1st period - Shot Misses the Net.
15:12 of 1st period - Shot by Nick Foligno.
15:12 of 1st period - Shot Misses the Net.
15:14 of 1st period - Shot by Lee Stempniak.
15:14 of 1st period - Shot Misses the Net.
15:16 of 1st period - Shot by Leo Komarov.
15:16 of 1st period - Shot Blocked by Cam Fowler.
15:18 of 1st period - Shot by Jordan Oesterle.
15:18 of 1st period - Shot Misses the Net.
15:20 of 1st period - Shot by Lee Stempniak.
15:20 of 1st period - Shot Misses the Net.
15:22 of 1st period - Shot by Nick Foligno.
15:22 of 1st period - Deflect By Leo Komarov.
15:22 of 1st period - Shot Misses the Net.
15:24 of 1st period - Shot by Brett Pesce.
15:24 of 1st period - Deflect By Nick Foligno.
15:24 of 1st period - Shot Misses the Net.
15:48 of 1st period - Shot by Zach Parise.
15:48 of 1st period - Stopped by Cam Talbot without a rebound.
15:49 of 1st period - Nick Shore wins face-off versus Bryan Little in Canadiens zone.
15:49 of 1st period - Nick Shore is hit by Jamie McGinn.
15:58 of 1st period - Icing by Zach Parise.
15:59 of 1st period - Bryan Little wins face-off versus Martin Hanzal in Hurricanes zone.
16:06 of 1st period - Shot by Zach Parise.
16:06 of 1st period - Stopped by Cam Talbot without a rebound.
16:07 of 1st period - Martin Hanzal wins face-off versus Lee Stempniak in Canadiens zone.
17:17 of 1st period - Shot by Zach Parise.
17:17 of 1st period - Stopped by Cam Talbot without a rebound.
17:18 of 1st period - Brad Richardson wins face-off versus Alexander Steen in Canadiens zone.
17:23 of 1st period - Shot by Alex Chiasson.
17:23 of 1st period - Shot Blocked by Cam Fowler.
17:28 of 1st period - Icing by Alexander Steen.
17:29 of 1st period - Leo Komarov wins face-off versus Alexander Steen in Canadiens zone.
17:42 of 1st period - Shot by Leo Komarov.
17:42 of 1st period - Stopped by Cam Talbot without a rebound.
17:43 of 1st period - Nick Shore wins face-off versus Bryan Little in Canadiens zone.
17:58 of 1st period - Shot by Dan Girardi.
17:58 of 1st period - Shot Misses the Net.
18:13 of 1st period - Icing by Dan Girardi.
18:14 of 1st period - Leo Komarov wins face-off versus Nick Shore in Canadiens zone.
18:20 of 1st period - Minor Penalty to Jamie McGinn for Hooking.
18:21 of 1st period - Alexander Steen wins face-off versus Brad Richardson in Hurricanes zone.
18:24 of 1st period - Shot by Jordan Eberle.
18:24 of 1st period - Shot Blocked by Ron Hainsey.
18:26 of 1st period - Shot by Josh Bailey.
18:26 of 1st period - Shot Misses the Net.
18:28 of 1st period - Shot by Alexander Steen.
18:28 of 1st period - Stopped by Eddie Lack without a rebound.
18:29 of 1st period - Alexander Steen wins face-off versus Brad Richardson in Hurricanes zone.
18:47 of 1st period - Icing by Josh Bailey.
18:48 of 1st period - Alexander Steen wins face-off versus Lee Stempniak in Canadiens zone.
18:57 of 1st period - Shot by Alexander Steen.
18:57 of 1st period - Deflect By Jordan Eberle.
18:57 of 1st period - Stopped by Eddie Lack without a rebound.
18:58 of 1st period - Martin Hanzal wins face-off versus Brad Richardson in Hurricanes zone.
19:06 of 1st period - Icing by Dan Girardi.
19:07 of 1st period - Brad Richardson wins face-off versus Martin Hanzal in Canadiens zone.
19:12 of 1st period - Shot by Lee Stempniak.
19:12 of 1st period - Stopped by Cam Talbot without a rebound.
19:13 of 1st period - Alexander Steen wins face-off versus Brad Richardson in Canadiens zone.
19:30 of 1st period - Shot by Jordan Eberle.
19:30 of 1st period - Shot Misses the Net.
Goals for this period are 2 for Canadiens vs 0 for Hurricanes.
Shots for this period are 13 for Canadiens vs 13 for Hurricanes.

2nd period


0:01 of 2nd period - Alexander Steen wins face-off versus Brad Richardson in neutral zone.
0:29 of 2nd period - Shot by Nick Holden.
0:29 of 2nd period - Shot Blocked by Jordan Oesterle.
1:11 of 2nd period - Martin Hanzal is hit by Bryan Little and loses puck.
1:15 of 2nd period - Minor Penalty to Justin Abdelkader for Roughing.
1:16 of 2nd period - Leo Komarov wins face-off versus Alexander Steen in Canadiens zone.
1:43 of 2nd period - Shot by Lee Stempniak.
1:43 of 2nd period - Shot Misses the Net.
1:45 of 2nd period - Shot by Keith Yandle.
1:45 of 2nd period - Shot Misses the Net.
1:47 of 2nd period - Shot by Leo Komarov.
1:47 of 2nd period - Shot Misses the Net.
1:49 of 2nd period - Shot by Nick Foligno.
1:49 of 2nd period - Stopped by Cam Talbot without a rebound.
1:50 of 2nd period - Martin Hanzal wins face-off versus Bryan Little in Canadiens zone.
4:08 of 2nd period - Shot by Nail Yakupov.
4:08 of 2nd period - Shot Misses the Net.
5:35 of 2nd period - Ron Hainsey is hit by Josh Bailey and loses puck.
6:25 of 2nd period - Off-side.
6:26 of 2nd period - Bryan Little wins face-off versus Nick Shore in neutral zone.
6:33 of 2nd period - Shot by Zach Parise.
6:33 of 2nd period - Shot Misses the Net.
6:50 of 2nd period - Michael Frolik is hit by Adam Larsson.
6:52 of 2nd period - Shot by Zach Parise.
6:52 of 2nd period - Shot Blocked by Cam Fowler.
7:14 of 2nd period - Shot by Jordan Eberle.
7:14 of 2nd period - Stopped by Eddie Lack without a rebound.
7:15 of 2nd period - Martin Hanzal wins face-off versus Brian Boyle in Hurricanes zone.
7:22 of 2nd period - Shot by Jakob Silfverberg.
7:22 of 2nd period - Deflect By Martin Hanzal.
7:22 of 2nd period - Shot Blocked by Ron Hainsey.
8:07 of 2nd period - Icing by Jamie McGinn.
8:08 of 2nd period - Alexander Steen wins face-off versus Leo Komarov in Hurricanes zone.
8:11 of 2nd period - Shot by Jordan Eberle.
8:11 of 2nd period - Stopped by Eddie Lack without a rebound.
8:12 of 2nd period - Alexander Steen wins face-off versus Leo Komarov in Hurricanes zone.
8:13 of 2nd period - Shot by Jordan Eberle.
8:13 of 2nd period - Shot Misses the Net.
8:49 of 2nd period - Shot by Leo Komarov.
8:49 of 2nd period - Stopped by Cam Talbot without a rebound.
8:50 of 2nd period - Bryan Little wins face-off versus Martin Hanzal in Canadiens zone.
8:57 of 2nd period - Shot by Michael Frolik.
8:57 of 2nd period - Goal by Michael Frolik - Canadiens : 2 - Hurricanes : 1.
8:58 of 2nd period - Michael Frolik wins face-off versus Martin Hanzal in neutral zone.
9:03 of 2nd period - Shot by Martin Hanzal.
9:03 of 2nd period - Stopped by Eddie Lack with a rebound.
9:13 of 2nd period - Brett Pesce is hit by Justin Abdelkader and loses puck.
9:25 of 2nd period - Off-side.
9:26 of 2nd period - Brad Richardson wins face-off versus Alexander Steen in neutral zone.
9:58 of 2nd period - Shot by Alexander Steen.
9:58 of 2nd period - Stopped by Eddie Lack with a rebound.
10:22 of 2nd period - Brett Pesce is hit by Alexander Steen and loses puck.
10:35 of 2nd period - Shot by Leo Komarov.
10:35 of 2nd period - Shot Blocked by Cam Fowler.
10:37 of 2nd period - Shot by Leo Komarov.
10:37 of 2nd period - Shot Misses the Net.
11:10 of 2nd period - Shot by Justin Abdelkader.
11:10 of 2nd period - Shot Misses the Net.
11:35 of 2nd period - Icing by Brian Dumoulin.
11:36 of 2nd period - Bryan Little wins face-off versus Teuvo Teravainen in Hurricanes zone.
12:03 of 2nd period - Shot by Zach Parise.
12:03 of 2nd period - Shot Misses the Net.
12:11 of 2nd period - Shot by Michael Frolik.
12:11 of 2nd period - Shot Misses the Net.
12:55 of 2nd period - Nick Holden is hit by Brian Boyle and loses puck.
13:04 of 2nd period - Shot by Alexander Steen.
13:04 of 2nd period - Shot Blocked by Brian Strait.
13:08 of 2nd period - Shot by Jordan Eberle.
13:08 of 2nd period - Stopped by Eddie Lack with a rebound.
13:10 of 2nd period - Shot by Dan Girardi.
13:10 of 2nd period - Shot Misses the Net.
13:12 of 2nd period - Shot by Alexander Steen.
13:12 of 2nd period - Goal by Alexander Steen - Canadiens : 3 - Hurricanes : 1.
13:13 of 2nd period - Leo Komarov wins face-off versus Martin Hanzal in neutral zone.
13:20 of 2nd period - Shot by Leo Komarov.
13:20 of 2nd period - Stopped by Cam Talbot with a rebound.
13:22 of 2nd period - Shot by Jordan Oesterle.
13:22 of 2nd period - Stopped by Cam Talbot without a rebound.
13:23 of 2nd period - Martin Hanzal wins face-off versus Bryan Little in Canadiens zone.
14:08 of 2nd period - Shot by Martin Hanzal.
14:08 of 2nd period - Stopped by Eddie Lack without a rebound.
14:09 of 2nd period - Alexander Steen wins face-off versus Leo Komarov in Hurricanes zone.
14:19 of 2nd period - Jamie McGinn is hit by Nick Holden.
14:24 of 2nd period - Leo Komarov is hit by Nick Holden and loses puck.
14:29 of 2nd period - Shot by Lee Stempniak.
14:29 of 2nd period - Shot Blocked by Dan Girardi.
14:31 of 2nd period - Shot by Lee Stempniak.
14:31 of 2nd period - Stopped by Cam Talbot without a rebound.
14:32 of 2nd period - Teuvo Teravainen wins face-off versus Brad Richardson in Canadiens zone.
14:42 of 2nd period - Shot by Teuvo Teravainen.
14:42 of 2nd period - Stopped by Eddie Lack without a rebound.
14:43 of 2nd period - Leo Komarov wins face-off versus Alexander Steen in Hurricanes zone.
14:54 of 2nd period - Shot by Alexander Steen.
14:54 of 2nd period - Goal by Alexander Steen - Canadiens : 4 - Hurricanes : 1.
14:55 of 2nd period - Martin Hanzal wins face-off versus Zach Parise in neutral zone.
15:06 of 2nd period - Dan Girardi is hit by Michael Frolik and loses puck.
15:24 of 2nd period - Shot by Michael Frolik.
15:24 of 2nd period - Stopped by Cam Talbot without a rebound.
15:25 of 2nd period - Alexander Steen wins face-off versus Leo Komarov in Canadiens zone.
15:55 of 2nd period - Icing by Adam Larsson.
15:56 of 2nd period - Bryan Little wins face-off versus Alexander Steen in Canadiens zone.
16:01 of 2nd period - Shot by Bryan Little.
16:01 of 2nd period - Stopped by Cam Talbot without a rebound.
16:02 of 2nd period - Jakob Silfverberg wins face-off versus Bryan Little in Canadiens zone.
17:08 of 2nd period - Shot by Leo Komarov.
17:08 of 2nd period - Stopped by Cam Talbot without a rebound.
17:09 of 2nd period - Brad Richardson wins face-off versus Alexander Steen in Canadiens zone.
17:12 of 2nd period - Shot by Carl Hagelin.
17:12 of 2nd period - Goal by Carl Hagelin - Canadiens : 4 - Hurricanes : 2.
17:13 of 2nd period - Alexander Steen wins face-off versus Leo Komarov in neutral zone.
17:26 of 2nd period - Shot by Lee Stempniak.
17:26 of 2nd period - Shot Misses the Net.
18:06 of 2nd period - Shot by Carl Hagelin.
18:06 of 2nd period - Deflect By Alex Chiasson.
18:06 of 2nd period - Stopped by Cam Talbot without a rebound.
18:07 of 2nd period - Martin Hanzal wins face-off versus Zach Parise in Canadiens zone.
18:07 of 2nd period - Martin Hanzal is hit by Zach Parise.
18:08 of 2nd period - Minor Penalty to Michael Frolik for Interference.
18:09 of 2nd period - Martin Hanzal wins face-off versus Brad Richardson in Hurricanes zone.
18:59 of 2nd period - Icing by Martin Hanzal.
19:00 of 2nd period - Brad Richardson wins face-off versus Martin Hanzal in Canadiens zone.
19:46 of 2nd period - Jordan Eberle is hit by Brett Pesce and loses puck.
19:55 of 2nd period - Jordan Oesterle is hit by Josh Bailey and loses puck.
Goals for this period are 2 for Canadiens vs 2 for Hurricanes.
Shots for this period are 9 for Canadiens vs 11 for Hurricanes.

3rd period


0:01 of 3rd period - Alexander Steen wins face-off versus Brad Richardson in neutral zone.
0:20 of 3rd period - Justin Abdelkader is hit by Michael Frolik and loses puck.
0:33 of 3rd period - Dan Girardi is hit by Zach Parise.
1:26 of 3rd period - Minor Penalty to Alexander Steen for Roughing.
1:27 of 3rd period - Martin Hanzal wins face-off versus Leo Komarov in Canadiens zone.
3:14 of 3rd period - Justin Abdelkader is hit by Alex Chiasson and loses puck.
3:29 of 3rd period - Shot by Carl Hagelin.
3:29 of 3rd period - Shot Hit the Post.
4:52 of 3rd period - Minor Penalty to Dale Weise for Elbowing.
4:53 of 3rd period - Martin Hanzal wins face-off versus Nick Foligno in Canadiens zone.
7:07 of 3rd period - Shot by Carl Hagelin.
7:07 of 3rd period - Stopped by Cam Talbot without a rebound.
7:08 of 3rd period - Brad Richardson wins face-off versus Nick Shore in Canadiens zone.
7:09 of 3rd period - Shot by Alex Chiasson.
7:09 of 3rd period - Shot Blocked by Kyle Quincey.
7:12 of 3rd period - Brad Richardson is hit by Brayden McNabb and loses puck.
7:19 of 3rd period - Shot by Brad Richardson.
7:19 of 3rd period - Shot Blocked by Kyle Quincey.
7:21 of 3rd period - Shot by Carl Hagelin.
7:21 of 3rd period - Goal by Carl Hagelin - Canadiens : 4 - Hurricanes : 3.
7:22 of 3rd period - Bryan Little wins face-off versus Teuvo Teravainen in neutral zone.
7:34 of 3rd period - Shot by Bryan Little.
7:34 of 3rd period - Shot Misses the Net.
8:21 of 3rd period - Jakob Silfverberg is hit by Keith Yandle and loses puck.
8:46 of 3rd period - Martin Hanzal is hit by Jamie McGinn and loses puck.
8:56 of 3rd period - Icing by Martin Hanzal.
8:57 of 3rd period - Martin Hanzal wins face-off versus Brian Boyle in Canadiens zone.
8:57 of 3rd period - Martin Hanzal is hit by Alex Chiasson.
9:07 of 3rd period - Shot by Nick Foligno.
9:07 of 3rd period - Stopped by Cam Talbot with a rebound.
9:17 of 3rd period - Shot by Alex Chiasson.
9:17 of 3rd period - Shot Misses the Net.
9:19 of 3rd period - Shot by Nick Foligno.
9:19 of 3rd period - Stopped by Cam Talbot with a rebound.
9:39 of 3rd period - Shot by Nick Foligno.
9:39 of 3rd period - Stopped by Cam Talbot without a rebound.
9:40 of 3rd period - Leo Komarov wins face-off versus Alexander Steen in Canadiens zone.
10:07 of 3rd period - Shot by Leo Komarov.
10:07 of 3rd period - Stopped by Cam Talbot without a rebound.
10:08 of 3rd period - Brad Richardson wins face-off versus Teuvo Teravainen in Canadiens zone.
10:21 of 3rd period - Kyle Quincey is hit by Alex Chiasson and loses puck.
10:43 of 3rd period - Off-side.
10:44 of 3rd period - Alexander Steen wins face-off versus Leo Komarov in neutral zone.
11:25 of 3rd period - Alexander Steen is hit by Leo Komarov and loses puck.
11:38 of 3rd period - Shot by Zach Parise.
11:38 of 3rd period - Shot Misses the Net.
11:40 of 3rd period - Shot by Bryan Little.
11:40 of 3rd period - Stopped by Cam Talbot without a rebound.
11:41 of 3rd period - Martin Hanzal wins face-off versus Bryan Little in Canadiens zone.
11:52 of 3rd period - Shot by Martin Hanzal.
11:52 of 3rd period - Stopped by Eddie Lack without a rebound.
11:53 of 3rd period - Alex Chiasson wins face-off versus Teuvo Teravainen in Hurricanes zone.
11:53 of 3rd period - Alex Chiasson is hit by Dale Weise.
12:01 of 3rd period - Shot by Nick Foligno.
12:01 of 3rd period - Stopped by Cam Talbot with a rebound.
12:14 of 3rd period - Icing by Nail Yakupov.
12:15 of 3rd period - Bryan Little wins face-off versus Teuvo Teravainen in Canadiens zone.
13:30 of 3rd period - Shot by Alexander Steen.
13:30 of 3rd period - Shot Blocked by Jordan Oesterle.
13:32 of 3rd period - Shot by Adam Larsson.
13:32 of 3rd period - Stopped by Eddie Lack without a rebound.
13:33 of 3rd period - Martin Hanzal wins face-off versus Brian Boyle in Hurricanes zone.
14:06 of 3rd period - Shot by Brian Boyle.
14:06 of 3rd period - Shot Blocked by Kyle Quincey.
14:08 of 3rd period - Shot by Brian Strait.
14:08 of 3rd period - Stopped by Cam Talbot without a rebound.
14:09 of 3rd period - Teuvo Teravainen wins face-off versus Leo Komarov in Canadiens zone.
14:18 of 3rd period - Shot by Nail Yakupov.
14:18 of 3rd period - Stopped by Eddie Lack without a rebound.
14:19 of 3rd period - Alexander Steen wins face-off versus Jamie McGinn in Hurricanes zone.
14:22 of 3rd period - Shot by Jordan Eberle.
14:22 of 3rd period - Stopped by Eddie Lack with a rebound.
14:24 of 3rd period - Shot by Alexander Steen.
14:24 of 3rd period - Shot Misses the Net.
14:30 of 3rd period - Shot by Jordan Eberle.
14:30 of 3rd period - Stopped by Eddie Lack without a rebound.
14:31 of 3rd period - Martin Hanzal wins face-off versus Bryan Little in Hurricanes zone.
14:34 of 3rd period - Shot by Jakob Silfverberg.
14:34 of 3rd period - Shot Misses the Net.
14:58 of 3rd period - Shot by Michael Frolik.
14:58 of 3rd period - Stopped by Cam Talbot without a rebound.
14:59 of 3rd period - Alexander Steen wins face-off versus Leo Komarov in Canadiens zone.
15:06 of 3rd period - Shot by Jamie McGinn.
15:06 of 3rd period - Shot Misses the Net.
16:06 of 3rd period - Brett Pesce is hit by Justin Abdelkader and loses puck.
16:11 of 3rd period - Shot by Dan Girardi.
16:11 of 3rd period - Shot Misses the Net.
16:30 of 3rd period - Martin Hanzal is hit by Jordan Oesterle and loses puck.
17:18 of 3rd period - Shot by Bryan Little.
17:18 of 3rd period - Shot Misses the Net.
18:01 of 3rd period - Shot by Valeri Nichushkin.
18:01 of 3rd period - Shot Blocked by Brian Strait.
18:05 of 3rd period - Shot by Matt Moulson.
18:05 of 3rd period - Shot Misses the Net.
18:07 of 3rd period - Shot by Adam Larsson.
18:07 of 3rd period - Shot Misses the Net.
19:05 of 3rd period - Hurricanes, Eddie Lack is pulled from the net.
19:11 of 3rd period - Shot by Nick Foligno.
19:11 of 3rd period - Shot Misses the Net.
19:13 of 3rd period - Shot by Michael Frolik.
19:13 of 3rd period - Stopped by Cam Talbot without a rebound.
19:14 of 3rd period - Alexander Steen wins face-off versus Bryan Little in Canadiens zone.
19:49 of 3rd period - Nick Foligno is hit by Dan Girardi.
19:54 of 3rd period - Off-side.
19:55 of 3rd period - Bryan Little wins face-off versus Jordan Eberle in neutral zone.
Goals for this period are 0 for Canadiens vs 1 for Hurricanes.
Shots for this period are 5 for Canadiens vs 11 for Hurricanes.